 Dungeon Crawl Stone Soup version 0.31-a0-984-gbfb7dba898 (webtiles) character file.

Game seed: 15442338931483241388

104 Gargoyl the Trooper (level 4, -3/43 HPs)
             Began as a Gargoyle Berserker on Nov 3, 2023.
             Was a Believer of Trog.
             Slain by an orc priest
             ... wielding a +2 heavy trident
              (13 damage)
             ... on level 3 of the Dungeon.
             The game lasted 00:04:06 (1766 turns).

Gargoyl the Trooper (Gargoyle Berserker)            Turns: 1766, Time: 00:04:06

Health: -3/43      AC:  6    Str: 20    XL:     4   Next: 80%
Magic:  4/4        EV: 12    Int:  8    God:    Trog [**....]
Gold:   173        SH:  0    Dex: 11    Spells: 3/3 levels left

rFire   . . .        a - +0 hand axe
rCold   . . .        (no shield)
rNeg    + . .        b - +0 animal skin
rPois   ∞            (no helmet)
rElec   +            (no cloak)
rCorr   .            g - +0 pair of gloves
SInv    .            (no boots)
Will    .....        (no amulet) Stlth
                     (no ring)
HPRegen 0.27/turn    (no ring)
MPRegen 0.09/turn

%: no passive effects
@: berserking, very quick
A: sickness immunity, AC +3, negative energy resistance 1, electricity
resistance, torment resistance 1, petrification resistance
a: Renounce Religion, Berserk, Trog's Hand


You were on level 3 of the Dungeon.
You worshipped Trog.
Trog was pleased with you.
You visited 1 branch of the dungeon, and saw 3 of its levels.

You collected 173 gold pieces.

Inventory:

Hand Weapons
 a - a +0 hand axe (weapon)
Missiles
 f - 12 poisoned darts (quivered)
Armour
 b - a +0 animal skin (worn)
 g - a +0 pair of gloves (worn)
Scrolls
 c - 2 scrolls of enchant weapon {unknown}
Potions
 d - a potion of curing
 e - a potion of heal wounds {unknown}


   Skills:
 + Level 4.2 Fighting
 + Level 3.5 Axes
 + Level 2.2 Armour
 + Level 2.5 Dodging
 + Level 0.3 Stealth


You had 3 spell levels left.
You didn't know any spells.
Your spell library was empty.

Dungeon Overview and Level Annotations

Branches:
Dungeon (3/15)

Altars:


Innate Abilities, Weirdness & Mutations

You are immune to sickness and miasma.
Your stone body is resilient. (AC +3)
You are immune to poison.
You resist negative energy. (rN+)
You are resistant to electric shocks. (rElec)
You are resistant to unholy torment.
You are immune to petrification.


Message History

You hit the giant cockroach but do no damage.
The giant cockroach is severely wounded.
You hit the bat.
You kill the bat!
Trog accepts your kill. The giant cockroach barely misses you.
The orc priest mumbles some strange prayers to Beogh against you.
You barely resist. The giant cockroach closely misses you.
A red film seems to cover your vision as you go berserk!
You feel yourself moving faster!
You feel mighty!
The giant cockroach bites you but does no damage.
You barely miss the giant cockroach.
The giant cockroach is severely wounded.
You slash the orc!
You kill the orc!
Trog accepts your kill. The giant cockroach bites you.
Unknown command.
You slash the giant cockroach!
You kill the giant cockroach!
Trog accepts your kill. The orc priest closely misses you.
An orc priest comes into view. It is wielding a +0 club.
Unknown command.
An orc priest comes into view. It is wielding a +0 club.
The orc priest shouts!
You hear an angry hiss.
The orc hits you with a +0 dagger.
Things that are here:
a +0 club; 3 boomerangs; a bat corpse You barely miss the orc priest.
You barely miss the orc.
The orc priest calls down the wrath of Beogh upon you.
Beogh smites you!
* * * LOW HITPOINT WARNING * * *
The orc barely misses you.
Unknown command.
You slash the orc priest!
The orc priest is almost dead.
You hit the orc.
The orc priest hits you with a +2 heavy trident!
You die...

####.......# #.P..P#.##.#
*********** ~~~~.~~..#.#
*,,,,,,,,,, .~~.~~.♣.#.#
**########.,,,,,,,,, ~≈~≈~~~~♣#.#
*,.........,,,,,,,,, ~~~≈≈~~~P#.#
*.#........,,,,,,,,,
~.~.~~~....###.#.....o..,,,,,,,,,
P~P~~~~P.#.....#........,,,,,,,,,
.♣..P♣.......###@o..o...,,,,,,,,,
.................o#.....,,,,,,,,,
..##########...##.#**#.#*********
..####### ###.#*.# *,* ))......#
#.#*.# *,*
#)......###**#.#*.#***,***
#..........,,...*..,,,,,,*
#..........,,.#.*..,,,,,,*****
#..†.......,,.*.#,,,,,,,,,,,,****


You could see 3 orc priests and an orc.

Vanquished Creatures
  4 adders
  A worm (D:2)
  2 dart slugs
  An orc (D:3)
  7 bats
  3 endoplasms
  3 giant cockroaches
  5 goblins
  5 hobgoblins
  4 jackals (D:1)
  A quokka (D:1)
  9 ball pythons
  2 frilled lizards
  8 kobolds
  4 rats
59 creatures vanquished.

Notes
Turn   | Place    | Note
-------+----------+-------------------------------------------
     0 | D:1      | Gargoyl the Gargoyle Berserker began the quest for the Orb.
     0 | D:1      | Reached XP level 1. HP: 14/14 MP: 1/1
   177 | D:1      | Reached XP level 2. HP: 19/19 MP: 2/2
   373 | D:1      | Reached XP level 3. HP: 18/24 MP: 3/3
   414 | D:1      | Reached skill level 4 in Fighting
   707 | D:2      | Reached ** piety under Trog
   838 | D:2      | Reached XP level 4. HP: 19/29 MP: 4/4
  1766 | D:3      | Slain by an orc priest

Illustrated notes

Levels and vault maps discovered:
D:1:      sevenhm_arrival_forest_fort_large_2, layout_basic,
          minmay_misc_feat_square
D:2:      layout_rooms
D:3:      layout_basic, serial_bayou_pond_b

Skill      XL: |  1  2  3 |
---------------+----------+-----
Axes           | 3 |  3.5
Fighting       | 4 |  4.2
Dodging        | 2 |  2.5
Armour         | |  2.2
Stealth        | |  0.3

Action                     |  1- 3 |  4- 6 || total
---------------------------+-------+-------++-------
  Melee: Hand axe          |   118 |    78 ||   196
 Invoke: Berserk           |     2 |     2 ||     4
    Use: Scroll            |       |     3 ||     3
 Armour: Animal skin       |   111 |    55 ||   166
  Dodge: Dodged            |   126 |    53 ||   179

Table legend: (Time is in decaauts)
 A = Elapsed time spent in this place.
 B = Non-inter-level travel time spent in this place.
 C = Inter-level travel time spent in this place.
 D = Time resting spent in this place.
 E = Time spent auto-exploring this place.
 F = Levels seen in this place.
 G = Mean time per level.
                   A        B        C        D        E       F      G
               +--------+--------+--------+--------+--------+-----+--------+
         Total |   1826 |   1770 |     56 |      0 |   1187 |   3 |  608.7 |
       Dungeon |   1826 |   1770 |     56 |      0 |   1187 |   3 |  608.7 |
               +--------+--------+--------+--------+--------+-----+--------+

Top non-repeatable levels by time:
     D:1: 714 daAuts
     D:2: 662 daAuts
     D:3: 449 daAuts
